 Dungeon Crawl Stone Soup version 0.23.0-38-g208d714 (webtiles) character file.

Game seed: 4804420954439186070

3236 wolfsongas the Demonic Disaster (level 9, -6/78 HPs)
             Began as a Demonspawn Monk on Feb 28, 2019.
             Was a Believer of Qazlal.
             Mangled by a hog (8 damage)
             ... on level 8 of the Dungeon.
             The game lasted 00:10:43 (7625 turns).

wolfsongas the Demonic Disaster (Demonspawn Monk)   Turns: 7625, Time: 00:10:45

Health: -6/78      AC:  8    Str: 14      XL:     9   Next: 66%
Magic:  16/16      EV: 11    Int: 11 (12) God:    Qazlal [**....]
Gold:   530        SH:  3    Dex: 28      Spells: 8/8 levels left

rFire    . . .     SeeInvis .   x - +0 battleaxe
rCold    + . .     Gourm    .   (shield currently unavailable)
rNeg     . . .     Faith    .   h - +0 scale mail
rPois    .         Spirit   .   q - +0 helmet
rElec    .         Reflect  .   n - +0 cloak
rCorr    .         Harm     .   (no gloves)
MR       .....                  (no boots)
Stlth    ++........             e - amulet of rage
HPRegen  0.23/turn              b - +4 ring of dexterity
MPRegen  0.15/turn              r - +6 ring of dexterity

@: no status effects
A: talons 1, thin skeletal structure 1, cold resistance 1, deterioration 1
a: Upheaval, Renounce Religion, Evoke Berserk Rage


You were on level 8 of the Dungeon.
You worshipped Qazlal.
Qazlal was pleased with you.
You were not hungry.

You visited 1 branch of the dungeon, and saw 8 of its levels.
You also visited: Sewer.

You collected 530 gold pieces.

Inventory:

Hand Weapons
 t - a +0 war axe
 x - a +0 battleaxe (weapon)
Armour
 h - a +0 scale mail (worn)
 n - a +0 cloak (worn)
 q - a +0 helmet (worn)
 v - the +0 leather armour of Autotheism {Str+3 Dex+5}
   (You found it on level 7 of the Dungeon)

   It affects your strength (+3).
   It affects your dexterity (+5).
Jewellery
 b - a +4 ring of dexterity (left hand)
 e - an amulet of rage (around neck)
 k - an uncursed ring of ice
 r - a +6 ring of dexterity (right hand)
Wands
 a - a wand of iceblast (22)
 p - a wand of paralysis (7)
 w - a wand of random effects (11)
Scrolls
 d - 3 scrolls of remove curse
 f - a scroll of blinking
 g - 2 scrolls of teleportation
 l - 4 scrolls of enchant weapon
 m - a scroll of fear
 y - a scroll of identify
 B - a scroll of magic mapping
Potions
 i - a potion of degeneration
 o - a potion of invisibility
 s - a potion of cancellation
 u - a potion of agility
 z - a potion of haste
Comestibles
 c - 8 rations
 A - a chunk of flesh


   Skills:
 + Level 9.9 Fighting
 + Level 5.6 Axes
 - Level 2.7 Armour
 - Level 2.6 Dodging
 - Level 1.7 Stealth
 * Level 9.9 Invocations


You had 8 spell levels left.
You didn't know any spells.
Your spell library contained the following spells:

 Spells                   Type           Power        Failure   Level  Hunger
 Animate Skeleton         Necr           N/A          82%         1    ##.....
 Apportation              Tloc           #.....       82%         1    ##.....
 Confusing Touch          Hex            #.....       82%         1    ##.....
 Summon Small Mammal      Summ           #...         82%         1    ##.....


Dungeon Overview and Level Annotations

Branches:
Dungeon (8/15)             Temple (0/1) D:5
   Lair: D:8-11

Altars:
Ashenzari
Elyvilon
Hepliaklqana
Makhleb
Nemelex Xobeh
Qazlal
Ru
Uskayaw
Vehumet
The Shining One


Innate Abilities, Weirdness & Mutations

You have sharp toenails.
You have a somewhat thin skeletal structure. (Dex +2, Stealth)
Your flesh is cold resistant. (rC+)
Your body sometimes deteriorates upon taking damage.


Message History

* * * LOW HITPOINT WARNING * * *
You hit the hog.
The hog is heavily wounded.
You barely miss the hog. The hog bites you!
* * * LOW HITPOINT WARNING * * *
The hog bites you!
* * * LOW HITPOINT WARNING * * *
The hog bites you.
* * * LOW HITPOINT WARNING * * *
The hog bites you.
* * * LOW HITPOINT WARNING * * *
You feel better. You block the hog's attack. The hog bites you.
* * * LOW HITPOINT WARNING * * *
You slash the hog! You claw the hog.
The hog is almost dead.
You barely miss the hog. The hog barely misses you. The hog bites you!
* * * LOW HITPOINT WARNING * * *
Your body deteriorates!
You feel dopey. The hog bites you!
You die...

........###.........###...##...#
..........+...........)..>.#...##
....(...###.........####.#.......
........# #............#..#......
###.....# #.........#............
###.....###.........#............
#........##.........#............
#........########...+............
#........##%%.)h@...#............
#........##%...h#...#.........###
#........####'#######............
###########...[.# ............
..# #.....# #####...... #(#
############# #...... (.#
#.........# #......
#############......##.# ##.....
#..................##.# #.....


You could see 2 hogs.

Vanquished Creatures
  A cyclops (D:8)
  Maurice (D:8)
  A hippogriff (D:8)
  Sigmund (D:3)
  2 hogs (D:8)
  A human (D:8)
  A sky beast (D:5)
  2 ogres
  A centaur (D:8)
  A crocodile (Sewer)
  A bullfrog (D:7)
  4 killer bees (D:8)
  7 wights (D:7)
  A howler monkey (D:4)
  2 crimson imps (D:5)
  A centaur zombie (D:4)
  3 iron imps (D:5)
  4 jellies
  3 iguanas
  2 orc priests (D:5)
  3 worker ants
  An orc wizard (D:5)
  2 hound skeletons
  9 adders
  3 shadow imps
  2 oozes
  2 adder skeletons
  An adder zombie (D:8)
  5 worms
  2 dart slugs
  2 leopard geckos
  11 orcs
  7 bats
  4 giant cockroaches
  5 goblins
  9 hobgoblins
  8 jackals
  9 kobolds
  3 quokkas
  4 ball pythons
  A frilled lizard (D:2)
  A goblin skeleton (D:5)
  2 goblin zombies (D:5)
  A hobgoblin zombie (D:5)
  A leopard gecko skeleton (D:5)
  An orc skeleton (D:5)
  2 quokka skeletons
  5 rats
146 creatures vanquished.

Notes
Turn   | Place    | Note
-------+----------+-------------------------------------------
     0 | D:1      | wolfsongas the Demonspawn Monk began the quest for the Orb.
     0 | D:1      | Reached XP level 1. HP: 18/18 MP: 1/1
   355 | D:1      | Gained mutation: You have sharp toenails. [demonic
                  | ancestry]
   355 | D:1      | Reached XP level 2. HP: 20/24 MP: 2/2
   774 | D:1      | Reached XP level 3. HP: 25/30 MP: 3/3
  1352 | D:3      | Noticed Sigmund
  1379 | D:3      | Killed Sigmund
  1379 | D:3      | Reached XP level 4. HP: 19/41 MP: 4/4
  1379 | D:3      | Reached XP level 5. HP: 22/47 MP: 5/5
  1880 | D:3      | Found a stormy altar of Qazlal.
  1884 | D:3      | Found a shattered altar of Ashenzari.
  1885 | D:3      | Found a white marble altar of Elyvilon.
  1885 | D:3      | Found a hide-covered altar of Uskayaw.
  1885 | D:3      | Found a sacrificial altar of Ru.
  1921 | D:3      | Became a worshipper of Qazlal Stormbringer
  1921 | D:3      | Reached * piety under Qazlal
  1921 | D:3      | Reached ** piety under Qazlal
  2211 | D:4      | Reached XP level 6. HP: 53/53 MP: 6/6
  2257 | D:4      | Found a glowing drain.
  2279 | Sewer    | Entered a sewer
  3091 | D:4      | Found a radiant altar of Vehumet.
  3205 | D:5      | Entered Level 5 of the Dungeon
  3281 | D:5      | Reached XP level 7. HP: 58/62 MP: 7/7
  3448 | D:5      | Found a staircase to the Ecumenical Temple.
  3458 | D:5      | Found a glowing golden altar of the Shining One.
  3504 | D:5      | Found a burning altar of Makhleb.
  3555 | D:5      | Reached skill level 1 in Invocations
  3985 | D:5      | Reached skill level 1 in Armour
  4701 | D:6      | Found a hazy altar of Hepliaklqana.
  4976 | D:6      | Gained mutation: You have a somewhat thin skeletal
                  | structure. (Dex +2, Stealth) [demonic ancestry]
  4976 | D:6      | Reached XP level 8. HP: 64/69 MP: 10/10
  5312 | D:6      | Gained mutation: Your body sometimes deteriorates upon
                  | taking damage. [potion of mutation]
  5312 | D:6      | Gained mutation: Your flesh is cold resistant. (rC+)
                  | [potion of mutation]
  5555 | D:7      | Got a bloodstained leather armour
  5566 | D:7      | Identified the cursed +0 leather armour of Autotheism
                  | {Str+3 Dex+5} (You found it on level 7 of the Dungeon)
  5637 | D:7      | Found a sparkling altar of Nemelex Xobeh.
  5913 | D:7      | Reached skill level 5 in Invocations
  6954 | D:8      | Noticed a hippogriff
  6965 | D:8      | Killed a hippogriff
  7027 | D:8      | Noticed Maurice
  7029 | D:8      | Reached XP level 9. HP: 59/76 MP: 14/14
  7055 | D:8      | Killed Maurice
  7410 | D:8      | Reached skill level 5 in Axes
  7509 | D:8      | Noticed a cyclops
  7516 | D:8      | Killed a cyclops
  7623 | D:8      | HP: 3/78 [hog (1)]
  7625 | D:8      | Mangled by a hog

Skill      XL: |  1  2  3  4  5  6  7  8  9 |
---------------+----------------------------+-----
Fighting       | 4 6 8 9 |  9.9
Invocations    | 3 7 9 |  9.9
Axes           | 3 4 5 |  5.6
Armour         | 1 2 |  2.7
Dodging        | |  2.6
Stealth        | |  1.7

Action                   |  1- 3 |  4- 6 |  7- 9 || total
-------------------------+-------+-------+-------++-------
Melee: Hand axe          |   121 |   145 |    89 ||   355
       Kick              |    31 |    43 |   101 ||   175
       War axe           |       |       |    64 ||    64
       Battleaxe         |       |       |    68 ||    68
Invok: Upheaval          |       |       |     6 ||     6
  Use: Scroll            |     6 |     5 |     7 ||    18
       Potion            |     3 |     1 |     7 ||    11
 Stab: Sleeping          |     5 |     1 |       ||     6
  Eat: Ration            |     1 |     2 |     3 ||     6
       Chunk             |       |       |     1 ||     1
Armor: Robe              |    13 |       |       ||    13
       Leather armour    |    23 |     4 |    21 ||    48
       Scale mail        |       |    47 |    37 ||    84
Dodge: Dodged            |    94 |    78 |   164 ||   336
Block: Other             |       |    14 |    21 ||    35
       Shield            |       |       |    33 ||    33
